 Dungeon Crawl Stone Soup version 0.30-a0-137-gd8773701ce (webtiles) character file.

Game seed: 10715536816129096779

130 jimonade the Twirler (level 5, 0/41 HPs)
             Began as a Formicid Fighter on Sept 21, 2022.
             Slain by a quokka (2 damage)
             ... on level 3 of the Dungeon.
             The game lasted 00:04:36 (2792 turns).

jimonade the Twirler (Formicid Fighter)             Turns: 2792, Time: 00:04:37

Health: 0/41       AC:  6    Str: 20    XL:     5   Next: 36%
Magic:  5/5        EV: 13    Int: 10    God:
Gold:   122        SH:  5    Dex: 13    Spells: 4/4 levels left

rFire   . . .      SeeInvis +    a - +0 quarterstaff
rCold   . . .      Faith    .    c - +0 buckler
rNeg    . . .      Spirit   .    e - +0 scale mail
rPois   .          Reflect  .    (helmet unavailable)
rElec   .          Harm     .    (no cloak)
rCorr   .          Rampage  .    (no gloves)
Will    .....                    (no boots)
Stlth   ..........               (no amulet)
HPRegen 0.13/turn                m - +4 ring of evasion
MPRegen 0.09/turn                (no ring)

@: mighty
A: permanent stasis, dig shafts and tunnels, antennae 3, four strong arms
a: Dig, Shaft Self


You were on level 3 of the Dungeon.
You visited 1 branch of the dungeon, and saw 4 of its levels.

You collected 122 gold pieces.

Inventory:

Hand Weapons
 a - a +0 quarterstaff (weapon)
 b - a +0 sling
 q - a +0 short sword of holy wrath
Missiles
 p - 8 poisoned darts
Armour
 c - a +0 buckler (worn)
 e - a +0 scale mail (worn)
 l - a +0 plate armour
 s - an orb of mayhem
Magical Staves
 t - a staff of earth
Jewellery
 m - a +4 ring of evasion (left hand)
Scrolls
 f - a scroll of summoning
 n - 2 scrolls of identify
Potions
 d - a potion of might
 g - 3 potions of brilliance
 h - a potion of flight {unknown}
 i - a potion of heal wounds {unknown}
 k - 4 potions of curing {unknown}


   Skills:
 - Level 3.2 Fighting
 * Level 5.0 Staves
 - Level 3.2 Armour
 + Level 4.2 Shields


You had 4 spell levels left.
You didn't know any spells.
Your spell library contained the following spells:

 Spells                   Type           Power      Damage    Failure   Level
 Call Canine Familiar     Summ           0%         N/A       98%         3
 Ignite Poison            Fire/Tmut/Pois 0%         N/A       98%         3
 Portal Projectile        Hex/Tloc       0%         N/A       98%         3
 Leda's Liquefaction      Hex/Erth       0%         N/A       100%        4
 Sticky Flame             Conj/Fire      0%         2d3       100%        4


Dungeon Overview and Level Annotations

Branches:
Dungeon (4/15)
 Temple: D:4-7

Altars:

Annotations:
D:3 Sigmund


Innate Abilities, Weirdness & Mutations

You cannot be hasted, slowed, berserked, paralysed or teleported.
You can dig through walls and to a lower floor.
You have a pair of large antennae on your head. (SInv)
Your four strong arms can wield two-handed weapons with a shield.


Message History

Are you sure you want to stumble around while confused and next to your adder?
You miss your orc.
Your orc dissolves into shadows!
Sigmund barely misses you. The quokka misses you.
The orc wizard casts a spell at you. The magic dart hits you.
A goblin comes into view. It is wielding a +0 club.
Are you sure you want to stumble around while confused and next to your adder?
You barely miss Sigmund.
Sigmund is heavily wounded.
The quokka bites you. The orc wizard barely misses you.
An orc priest comes into view. It is wielding a +0 short sword.
Sigmund hits you but does no damage.
Are you sure you want to stumble around while confused and next to your adder?
Okay, then.
You feel less confused. You block the quokka's attack.
The orc wizard hits you but does no damage.
The quokka bites you but does no damage.
You climb upwards.
Your summoned ally is left behind.
There is a stone staircase leading down here.
You barely miss the quokka. Sigmund closely misses you.
The orc wizard closely misses you. The quokka bites you.
Unknown command.
You hit the quokka but do no damage. The quokka bites you.
* * * LOW HITPOINT WARNING * * *
Sigmund closely misses you.
The orc wizard hits you but does no damage.
You miss the quokka. The quokka bites you.
* * * LOW HITPOINT WARNING * * *
You block the orc wizard's attack. Sigmund gestures at you while chanting.
The puff of flame hits you!
* * * LOW HITPOINT WARNING * * *
The quokka bites you but does no damage.
You barely miss the quokka. The orc wizard barely misses you.
Sigmund closely misses you. The quokka misses you.
You feel very mighty all of a sudden. The orc wizard barely misses you.
The quokka bites you.
You die...

#.....#
########)...#..........
#####.# #.............##.
#.#### #..#....##....##.
#....# #####..#........####.
#....# #................##..
#.##########...........#.##)#
#.......# ##...........#.##.#
#######.# #.@o.........#....)
#.# ##@##.#....#.###.## #.#
#r##......#.# #.## #.#
##.####<##...###.#)
#.###.......##.#.....#.
#.#....#..####.#.#.###.
#.#.#..............###.
#.#.#.##...............
#.............#.#.#####
#.............#...#


You could see Sigmund, an orc wizard (invisible) and a quokka.

Vanquished Creatures
  An orc priest (D:4)
  3 adders
  A dart slug (D:1)
  6 orcs (D:3)
  4 ball pythons
  2 bats
  2 endoplasms
  6 giant cockroaches
  7 goblins
  2 jackals (D:1)
  4 kobolds
  3 quokkas (D:1)
  4 frilled lizards
  4 rats
49 creatures vanquished.

Vanquished Creatures (collateral kills)
  3 orcs (D:4)
  A goblin (D:4)
  4 hobgoblins (D:4)
8 creatures vanquished.

Grand Total: 57 creatures vanquished

Notes
Turn   | Place    | Note
-------+----------+-------------------------------------------
     0 | D:1      | jimonade the Formicid Fighter began the quest for the Orb.
     0 | D:1      | Reached XP level 1. HP: 18/18 MP: 1/1
    43 | D:1      | You fall into a shaft and drop 1 floor!
    77 | D:2      | Found a faded altar of an unknown god.
   130 | D:2      | Reached XP level 2. HP: 17/24 MP: 2/2
   300 | D:2      | Reached skill level 3 in Staves
   300 | D:2      | Reached XP level 3. HP: 21/29 MP: 3/3
  1388 | D:1      | Reached XP level 4. HP: 35/35 MP: 4/4
  1447 | D:1      | Reached skill level 4 in Staves
  2765 | D:4      | Noticed Sigmund
  2768 | D:4      | Reached skill level 5 in Staves
  2768 | D:4      | Reached XP level 5. HP: 39/41 MP: 5/5
  2790 | D:3      | HP: 1/41 [Sigmund/puff of flame (7)]
  2792 | D:3      | Slain by a quokka

Illustrated notes

Levels and vault maps discovered:
D:1:      psy_arrival_radial02, layout_basic, corexii_leaking_fountain
D:2:      layout_loops_ring, dreamdust_ecumenical_altar_grove
D:3:      layout_basic
D:4:      layout_rooms, nicolae_ossuary_entry_plus, kennysheep_big_empty_room,
          uniq_sigmund, uniq_robin, uniq_pikel

Skill      XL: |  1  2  3  4 |
---------------+-------------+-----
Staves         | 3 5 |  5.0
Fighting       | |  3.2
Armour         | |  3.2
Shields        | |  4.2

Action                   |  1- 3 |  4- 6 || total
-------------------------+-------+-------++-------
Melee: Quarterstaff      |    75 |    64 ||   139
 Fire: Sling             |       |     6 ||     6
  Use: Scroll            |       |     5 ||     5
       Potion            |       |     1 ||     1
Armor: Scale mail        |    23 |    26 ||    49
Dodge: Dodged            |    30 |    40 ||    70
Block: Buckler           |    14 |    11 ||    25

Table legend: (Time is in decaauts)
 A = Elapsed time spent in this place.
 B = Non-inter-level travel time spent in this place.
 C = Inter-level travel time spent in this place.
 D = Time resting spent in this place.
 E = Time spent auto-exploring this place.
 F = Levels seen in this place.
 G = Mean time per level.
                   A        B        C        D        E       F      G
               +--------+--------+--------+--------+--------+-----+--------+
         Total |   2811 |   2632 |    179 |    106 |   2075 |   4 |  702.8 |
       Dungeon |   2811 |   2632 |    179 |    106 |   2075 |   4 |  702.8 |
               +--------+--------+--------+--------+--------+-----+--------+

Top non-repeatable levels by time:
     D:1: 1118 daAuts
     D:2: 1033 daAuts
     D:3: 625 daAuts
     D:4: 33 daAuts
